 Dungeon Crawl Stone Soup version 0.31.0-9-g3a7656b989 (webtiles) character file.

Game seed: 11799609000001818663

6894 qw the Markself (level 10, -7/60 HPs)
             Began as a Deep Elf Hunter on Feb 2, 2024.
             Was a Priest of Okawaru.
             Mangled by a seven-headed hydra (8 damage)
             ... on level 2 of the Lair of Beasts.
             The game lasted 00:00:40 (7532 turns).

qw the Markself (Deep Elf Hunter)                   Turns: 7532, Time: 00:00:41

Health: -7/60      AC: 12    Str: 12    XL:     10   Next: 79%
Magic:  10/15      EV: 20    Int: 15    God:    Okawaru [***...]
Gold:   376        SH:  0    Dex: 18    Spells: 9/9 levels left

rFire   . . .        n - +0 orcbow
rCold   . . .        (shield currently unavailable)
rNeg    . . .        h - +1 ring mail {rPois}
rPois   +            q - +2 helmet
rElec   .            w - +0 cloak
rCorr   .            (no gloves)
SInv    .            d - +0 pair of boots
Will    +....        k - amulet of the acrobat
Stlth   +            f - +4 ring of slaying {mikee}
HPRegen 0.30/turn    b - +5 ring of evasion
MPRegen 0.14/turn

%: acrobat
@: about to teleport, finesse-ful
A: no striking features
a: Renounce Religion, Heroism


You were on level 2 of the Lair of Beasts.
You worshipped Okawaru.
Okawaru was most pleased with you.
You visited 3 branches of the dungeon, and saw 11 of its levels.
You also visited: Sewer.

You collected 376 gold pieces.


   Skills:
 - Level 6.0 Fighting
 - Level 16.0 Ranged Weapons
 - Level 3.5 Armour
 + Level 8.2 Dodging
 - Level 1.2 Stealth
 - Level 5.0 Invocations


You had 9 spell levels left.
You didn't know any spells.
Your spell library was empty.

Inventory:

Hand Weapons
 n - a +0 orcbow (weapon)
Armour
 d - a +0 pair of boots (worn)
 h - a +1 ring mail of poison resistance (worn)
 i - +0 acid dragon scales
 o - a +1 leather armour of fire resistance
 q - a +2 helmet (worn)
 w - a +0 cloak (worn)
Jewellery
 b - a +5 ring of evasion (right hand)
 f - a +4 ring of slaying (left hand) {mikee}
 k - an amulet of the acrobat (around neck)
 t - a ring of protection from fire
 y - a ring of protection from fire
 z - an amulet of guardian spirit
Wands
 m - a wand of polymorph (9)
 r - a wand of roots (6)
 u - a wand of mindburst (24)
Potions
 a - a potion of magic {unknown}
 c - a potion of enlightenment
 e - 3 potions of curing
 g - 2 potions of haste
 j - a potion of resistance
 l - a potion of lignification {unknown}
 p - 5 potions of mutation
 s - a potion of degeneration {unknown}
 A - a potion of attraction {unknown}

Dungeon Overview and Level Annotations

Branches:
Dungeon (8/15)             Temple (1/1) D:4            Lair (2/5) D:8
  Sewer (visited)
  Swamp: Lair:2-3    Shoals: Lair:2-3     Snake: Lair:2-3    Spider: Lair:2-3

Altars:
Ashenzari
Cheibriados
Dithmenos
Elyvilon
Fedhas
Gozag
Hepliaklqana
Kikubaaqudgha
Makhleb
Nemelex Xobeh
Okawaru
Qazlal
Ru
Sif Muna
Uskayaw
Vehumet
Wu Jian
Xom
Zin
The Shining One

Shops:
D:1 :   D:4 [   D:7 (

Annotations:
D:2 1 runed translucent door, Crazy Yiuf
D:3 2 transporters, qw's ghost, amateur SpHu
Lair:1 3 runed translucent doors, qw's ghost, journeyman DEHu


Message History

You shoot an arrow.
The arrow barely misses the seven-headed hydra.
You shoot an arrow. The arrow hits the seven-headed hydra.
The seven-headed hydra is lightly wounded.
You shoot an arrow. The arrow hits the seven-headed hydra!
The seven-headed hydra is moderately wounded.
You shoot an arrow. The arrow hits the seven-headed hydra.
The seven-headed hydra is moderately wounded.
You shoot an arrow. The arrow hits the seven-headed hydra!
The seven-headed hydra is heavily wounded.
You shoot an arrow. The arrow hits the seven-headed hydra.
The seven-headed hydra is heavily wounded.
You shoot an arrow.
The arrow barely misses the seven-headed hydra.
The seven-headed hydra bites you.
The seven-headed hydra barely misses you.
The seven-headed hydra completely misses you.
The seven-headed hydra barely misses you.
The seven-headed hydra bites you! The seven-headed hydra bites you.
The seven-headed hydra bites you!
You shoot an arrow.
The arrow hits the seven-headed hydra but does no damage.
The seven-headed hydra is heavily wounded.
You shoot an arrow. The arrow hits the seven-headed hydra.
The seven-headed hydra is heavily wounded.
You shoot an arrow.
The arrow barely misses the seven-headed hydra.
The seven-headed hydra barely misses you.
The seven-headed hydra misses you.
The seven-headed hydra closely misses you.
The seven-headed hydra bites you. The seven-headed hydra bites you! x2
The seven-headed hydra closely misses you.
7532 ||| READING scroll of teleportation.
As you read the scroll of teleportation, it crumbles to dust.
You feel strangely unstable. The seven-headed hydra bites you!
The seven-headed hydra closely misses you. x2
The seven-headed hydra barely misses you.
The seven-headed hydra bites you!
You die...

.. ... ... ..P.
.. .......
..#.##.## ......#
...#....# .......
........##.......
........#.......#
#......#......#
#...<.#D(....#
#....#@......#
#.#.##........ #.
#. #.......# ..
.. .......<. ..
... ......... .
######.##..#.#
### ### #


You could see a seven-headed hydra.

Vanquished Creatures
  Pikel (D:7)
  A cane toad (Lair:1)
  Jeremiah (D:8)
  4 komodo dragons (Lair:1)
  A rime drake (Lair:1)
  A troll (D:8)
  Prince Ribbit (D:8)
  A wraith (D:6)
  2 steam dragons
  An acid dragon (D:8)
  3 water moccasins
  A sky beast (D:7)
  Pargi (D:4)
  3 orc warriors
  3 ice beasts
  3 black bears (Lair:1)
  2 ogres
  2 centaurs (D:7)
  A lemure (D:7)
  A phantom (D:5)
  3 kobold brigands
  4 bullfrogs
  2 scorpions (D:5)
  4 wights (D:6)
  5 killer bees (D:8)
  3 electric eels (D:8)
  2 orc priests (D:6)
  10 hounds
  A jelly (D:5)
  3 sleepcaps
  3 iguanas
  5 orc wizards
  A gnoll (D:4)
  5 adders
  A white imp (D:6)
  An ufetubus (D:7)
  2 ribbon worms (D:2)
  5 dart slugs
  18 orcs
  6 endoplasms
  3 giant cockroaches
  8 goblins
  8 hobgoblins
  12 kobolds
  3 quokkas (D:6)
  12 ball pythons
  8 bats
  2 frilled lizards
  6 rats
180 creatures vanquished.

Notes
Turn   | Place    | Note
-------+----------+-------------------------------------------
     0 | D:1      | qw the Deep Elf Hunter began the quest for the Orb.
     0 | D:1      | Reached XP level 1. HP: 12/12 MP: 3/3
     0 | D:1      | 0 ||| qw: Version: 0.3-a-155-g5e7d8dd
     0 | D:1      | 0 ||| qw: Game counter: 2361
     0 | D:1      | 0 ||| qw: Melee chars always use a shield: true
     0 | D:1      | 0 ||| qw: God list: Okawaru
     0 | D:1      | 0 ||| qw: Allow faded altars: false
     0 | D:1      | 0 ||| qw: Do Orc after clearing Dungeon:15 true
     0 | D:1      | 0 ||| qw: Do second Lair branch before Depths: true
     0 | D:1      | 0 ||| qw: Lair rune preference: random
     0 | D:1      | 0 ||| qw: Goals: Normal
     0 | D:1      | 0 ||| PLANNING D:1-11
   155 | D:1      | Found Washrinui's Book Boutique.
   430 | D:1      | Reached skill level 6 in Ranged Weapons
   430 | D:1      | Reached XP level 2. HP: 13/16 MP: 4/4
   546 | D:1      | 546 ||| DROPPING amulet of magic regeneration.
   547 | D:1      | 547 ||| UPGRADING to +4 ring of slaying {mikee}.
   548 | D:1      | 548 ||| READING 3 scrolls labelled WELON DOGG.
   548 | D:1      | 548 ||| IDENTIFYING red potion
   549 | D:1      | 549 ||| READING 2 scrolls of identify.
   549 | D:1      | 549 ||| IDENTIFYING fizzy emerald potion
   550 | D:1      | 550 ||| READING scroll of identify.
   550 | D:1      | 550 ||| IDENTIFYING scroll labelled SOKHLY XIJIO
   551 | D:1      | 551 ||| READING scroll of enchant weapon.
   551 | D:1      | 551 ||| ENCHANTING +0 shortbow.
   552 | D:1      | 552 ||| DROPPING scroll of butterflies.
   810 | D:2      | Reached XP level 3. HP: 19/20 MP: 5/5
  1020 | D:2      | Found a runed translucent door.
  1021 | D:2      | Noticed Crazy Yiuf
  1188 | D:2      | 1188 ||| UPGRADING to +0 pair of boots.
  1193 | D:2      | 1193 ||| UPGRADING to +0 ring mail.
  1203 | D:2      | 1203 ||| DROPPING +0 leather armour.
  1204 | D:2      | 1204 ||| UPGRADING to amulet of the acrobat.
  1209 | D:2      | 1209 ||| READING 2 scrolls of identify.
  1209 | D:2      | 1209 ||| IDENTIFYING scroll labelled GEKICZ JARAOST
  1210 | D:2      | 1210 ||| READING scroll of identify.
  1210 | D:2      | 1210 ||| IDENTIFYING scroll labelled LICLIUMNEO
  1211 | D:2      | 1211 ||| READING scroll labelled QIASACK ZAWK.
  1212 | D:2      | 1212 ||| DROPPING scroll of torment.
  1213 | D:2      | 1213 ||| DROPPING scroll of summoning.
  1277 | D:3      | Found a hazy altar of Hepliaklqana.
  1432 | D:3      | Reached skill level 7 in Ranged Weapons
  1456 | D:3      | Noticed qw's ghost (amateur SpHu)
  1482 | D:3      | Found a transporter.
  1496 | D:3      | Found a transporter.
  1797 | D:3      | 1797 ||| UPGRADING to +5 ring of evasion.
  1798 | D:3      | 1798 ||| READING scroll of identify.
  1798 | D:3      | 1798 ||| IDENTIFYING lumpy purple potion
  1799 | D:3      | 1799 ||| READING scroll labelled UKLISHR TOYMETH.
  1823 | D:4      | Found a staircase to the Ecumenical Temple.
  1824 | D:4      | 1824 ||| PLANNING TEMPLE
  1824 | D:4      | 1824 ||| DROPPING ring of see invisible.
  1832 | Temple   | Entered the Ecumenical Temple
  1833 | Temple   | 1833 ||| PLANNING D:1-11
  1884 | D:4      | Noticed Pargi
  1898 | D:4      | Killed Pargi
  1899 | D:4      | Reached skill level 8 in Ranged Weapons
  1899 | D:4      | Reached XP level 4. HP: 14/25 MP: 6/6
  1899 | D:4      | Reached XP level 5. HP: 16/29 MP: 7/7
  1970 | D:4      | Found Syipreg's Antique Armour Boutique.
  1973 | D:4      | 1973 ||| SHOPLISTING faintly glowing scale mail (189 gold,
                  | have 105).
  1973 | D:4      | 1973 ||| SHOPLISTING warped leather armour (147 gold, have
                  | 105).
  2090 | D:4      | Found a shadowy altar of Dithmenos.
  2114 | D:4      | Found a stormy altar of Qazlal.
  2416 | D:4      | Reached skill level 9 in Ranged Weapons
  2578 | D:4      | 2578 ||| UPGRADING to +0 helmet.
  2583 | D:4      | 2583 ||| READING 2 scrolls of identify.
  2583 | D:4      | 2583 ||| IDENTIFYING smoky green potion
  2584 | D:4      | 2584 ||| READING scroll of identify.
  2584 | D:4      | 2584 ||| IDENTIFYING 2 metallic grey potions
  2585 | D:4      | 2585 ||| READING 3 scrolls labelled FANOGAOVVO.
  2586 | D:4      | 2586 ||| READING 4 scrolls labelled LIDGHO BUSOU.
  2687 | D:4      | 2687 ||| READING scroll labelled YWYOMMAEBE.
  2687 | D:4      | 2687 ||| ENCHANTING +0 helmet.
  2688 | D:4      | 2688 ||| DRINKING 2 fuming inky potions.
  2689 | D:4      | 2689 ||| DROPPING 2 scrolls of revelation.
  2690 | D:4      | 2690 ||| DROPPING 2 potions of berserk rage.
  2691 | D:4      | 2691 ||| DROPPING 3 scrolls of vulnerability.
  2692 | D:4      | 2692 ||| DROPPING potion of brilliance.
  2710 | D:5      | Entered Level 5 of the Dungeon
  2795 | D:5      | Noticed an ice beast
  2804 | D:5      | Killed an ice beast
  2805 | D:5      | Reached XP level 6. HP: 36/36 MP: 8/8
  2840 | D:5      | Reached skill level 1 in Armour
  2951 | D:5      | Found an ornate altar of the Wu Jian Council.
  2955 | D:5      | Reached skill level 10 in Ranged Weapons
  2997 | D:5      | Reached XP level 7. HP: 40/40 MP: 9/9
  3073 | D:5      | Reached skill level 3 in Dodging
  3487 | D:5      | Found an iron altar of Okawaru.
  3488 | D:5      | 3488 ||| PLANNING OKAWARU WORSHIP
  3488 | D:5      | 3488 ||| UPGRADING to +1 ring mail of poison resistance.
  3498 | D:5      | 3498 ||| DROPPING +0 ring mail.
  3502 | D:5      | Became a worshipper of Warmaster Okawaru
  3503 | D:5      | 3503 ||| PLANNING D:1-11
  3549 | D:6      | 3549 ||| PLANNING SEWER
  3592 | D:6      | Found a glowing silver altar of Zin.
  3606 | D:6      | Noticed a wraith
  3620 | D:6      | HP: 9/40 [wraith (7)]
  3621 | D:6      | 3621 ||| DRINKING potion of heal wounds.
  3622 | D:6      | Killed a wraith
  3623 | D:6      | Reached skill level 11 in Ranged Weapons
  3802 | D:6      | Reached skill level 12 in Ranged Weapons
  3804 | D:6      | HP: 6/38 [wight/+5 battleaxe (10)]
  3807 | D:6      | Reached * piety under Okawaru
  3808 | D:6      | Reached skill level 3 in Fighting
  3808 | D:6      | Reached XP level 8. HP: 8/46 MP: 10/10
  3886 | D:6      | Reached skill level 1 in Invocations
  3970 | D:6      | Found a hide-covered altar of Uskayaw.
  4007 | D:6      | Found a glowing drain.
  4024 | Sewer    | Entered a sewer
  4104 | Sewer    | 4104 ||| READING scroll of enchant armour.
  4104 | Sewer    | 4104 ||| ENCHANTING +1 helmet.
  4276 | Sewer    | 4276 ||| READING scroll of identify.
  4276 | Sewer    | 4276 ||| IDENTIFYING 2 brown potions
  4291 | D:6      | 4291 ||| PLANNING D:1-11
  4371 | D:6      | Reached skill level 3 in Invocations
  4501 | D:6      | Found a broken altar of Ashenzari.
  4622 | D:6      | 4622 ||| READING scroll of enchant weapon.
  4622 | D:6      | 4622 ||| ENCHANTING +1 shortbow.
  4625 | D:6      | Found a shimmering blue altar of Sif Muna.
  4736 | D:6      | Found an ancient bone altar of Kikubaaqudgha.
  4862 | D:6      | 4862 ||| READING scroll of identify.
  4862 | D:6      | 4862 ||| IDENTIFYING bubbling amethyst potion
  4863 | D:6      | 4863 ||| READING scroll labelled ELAPHI OFIYT.
  4916 | D:7      | Found Pyonumov's Weapon Boutique.
  4922 | D:7      | Reached skill level 13 in Ranged Weapons
  4931 | D:7      | Reached ** piety under Okawaru
  4988 | D:7      | 4988 ||| SWAPPING to +0 orcbow.
  4989 | D:7      | 4989 ||| DROPPING +2 shortbow.
  5055 | D:7      | Noticed Pikel
  5056 | D:7      | 5056 ||| RETREEEEATING.
  5060 | D:7      | 5060 ||| RETREEEEATING.
  5065 | D:7      | 5065 ||| INVOKING Heroism.
  5075 | D:7      | Killed Pikel
  5076 | D:7      | Reached skill level 14 in Ranged Weapons
  5076 | D:7      | Reached XP level 9. HP: 28/51 MP: 12/14
  5301 | D:7      | Found a snail-covered altar of Cheibriados.
  5474 | D:7      | Reached skill level 15 in Ranged Weapons
  5532 | D:7      | Found a burning altar of Makhleb.
  5718 | D:7      | 5718 ||| UPGRADING to +0 cloak.
  5723 | D:7      | 5723 ||| DROPPING +4 ring of protection.
  5724 | D:7      | 5724 ||| DROPPING ring of protection from cold.
  5725 | D:7      | 5725 ||| DROPPING wand of flame (15).
  5742 | D:8      | 5742 ||| RETREEEEATING.
  5745 | D:8      | 5745 ||| INVOKING Heroism.
  5746 | D:8      | 5746 ||| DRINKING 3 potions of haste.
  5782 | D:8      | Noticed Jeremiah
  5816 | D:8      | 5816 ||| INVOKING Heroism.
  5821 | D:8      | HP: 7/52 [Jeremiah/divine providence (15)]
  5822 | D:8      | 5822 ||| DRINKING 2 potions of heal wounds.
  5845 | D:8      | HP: 10/49 [Jeremiah/divine providence (15)]
  5846 | D:8      | 5846 ||| DRINKING potion of heal wounds.
  5848 | D:8      | 5848 ||| INVOKING Heroism.
  5852 | D:8      | 5852 ||| FLEEEEING.
  5862 | D:8      | Killed Jeremiah
  5964 | D:8      | Noticed Prince Ribbit
  5970 | D:8      | Killed Prince Ribbit
  5970 | D:8      | Reached *** piety under Okawaru
  5971 | D:8      | Reached skill level 16 in Ranged Weapons
  6063 | D:8      | Reached XP level 10. HP: 50/56 MP: 15/15
  6066 | D:8      | Reached skill level 6 in Dodging
  6089 | D:8      | Found a staircase to the Lair.
  6161 | D:8      | 6161 ||| Stepping ~*~*~tactically~*~*~ (cloud).
  6456 | D:8      | 6456 ||| PLANNING LAIR
  6456 | D:8      | 6456 ||| READING scroll labelled QORHAA NEFI.
  6476 | Lair:1   | Entered Level 1 of the Lair of Beasts
  6477 | Lair:1   | 6477 ||| PLANNING GAUNTLET
  6477 | Lair:1   | Found a runed translucent gate.
  6477 | Lair:1   | Found a runed translucent gate.
  6477 | Lair:1   | Found a runed translucent gate.
  6479 | Lair:1   | Noticed qw's ghost (journeyman DEHu)
  6479 | Lair:1   | Noticed a spectral death yak
  6479 | Lair:1   | Noticed a spectral death yak
  6699 | Lair:1   | Noticed a cane toad
  6700 | Lair:1   | 6700 ||| INVOKING Heroism.
  6701 | Lair:1   | 6701 ||| DRINKING 3 potions of haste.
  6704 | Lair:1   | Killed a cane toad
  6749 | Lair:1   | Reached skill level 3 in Armour
  6767 | Lair:1   | Reached **** piety under Okawaru
  6904 | Lair:1   | 6904 ||| RIP GAUNTLET
  6925 | Lair:1   | 6925 ||| PLANNING LAIR
  6929 | Lair:1   | 6929 ||| INVOKING Finesse.
  6930 | Lair:1   | 6930 ||| INVOKING Heroism.
  7147 | Lair:1   | 7147 ||| RETREEEEATING.
  7155 | Lair:1   | 7155 ||| RETREEEEATING.
  7170 | Lair:1   | Reached skill level 6 in Fighting
  7488 | Lair:1   | 7488 ||| DROPPING ring of fire.
  7518 | Lair:2   | Noticed a seven-headed hydra
  7519 | Lair:2   | 7519 ||| INVOKING Finesse.
  7520 | Lair:2   | 7520 ||| INVOKING Finesse.
  7531 | Lair:2   | HP: 12/60 [seven-headed hydra (9)]
  7532 | Lair:2   | 7532 ||| READING scroll of teleportation.
  7532 | Lair:2   | HP: 1/60 [seven-headed hydra (11)]
  7532 | Lair:2   | Mangled by a seven-headed hydra

Levels and vault maps discovered:
D:1:      lightli_arrival_chessboard, layout_loops_ring, serial_shops, shop,
          nrook_loot_triangle
D:2:      layout_rooms, dreamdust_princess_corridor, hex_intersection,
          mrwooster_statue_mirror, uniq_crazy_yiuf_cottage
D:3:      layout_loops_cross, nicolae_hepliaklqana_hazy_memory,
          gammafunk_ghost_arena
D:4:      layout_basic, lemuel_tele_altar, mainiacjoe_overflow_brackets,
          minmay_temple_entry_butterflies, serial_shops,
          nicolae_shop_tiny_real_fake_doors, kennysheep_generic_room_6,
          uniq_pargi
D:5:      layout_basic, mainiacjoe_overflow_alcove_4, lemuel_crystal_altar
D:6:      layout_loops_ring, mainiacjoe_overflow_cross_hatched,
          lemuel_round_altar, mainiacjoe_overflow_boulevard,
          nicolae_ashenzari_skybound, mainiacjoe_overflow_24_doors,
          portal_sewer_entry_f
D:7:      layout_loops_ring, overflow_temple_1_default,
          mainiacjoe_overflow_chevrons, kennysheep_small_square, uniq_pikel
D:8:      layout_rooms, erik_lair_island, uniq_prince_ribbit1, uniq_jeremiah
Temple:   nicolae_temple_colour_theory
Lair:1:   layout_gridlike, gammafunk_ghost_necromancy, gauntlet_entry_generic,
          beast_lair_carwin_9
Lair:2:   layout_regular_city, minmay_shoals_entry_centaurs, uniq_nergalle

Skill      XL: |  1  2  3  4  5  6  7  8  9 10 |
---------------+-------------------------------+-----
Ranged Weapons | 6 8 9 10 12 14 16 | 16.0
Fighting       | 2 3 4 6 |  6.0
Armour         | 1 2 3 |  3.5
Dodging        | 3 4 5 8 |  8.2
Invocations    | 4 5 |  5.0
Stealth        | |  1.2

Action                     |  1- 3 |  4- 6 |  7- 9 | 10-12 || total
---------------------------+-------+-------+-------+-------++-------
   Fire: Shortbow          |    95 |    67 |   193 |       ||   355
         Orcbow            |       |       |   131 |   152 ||   283
 Invoke: Heroism           |       |       |     4 |     2 ||     6
         Finesse           |       |       |       |     2 ||     2
    Use: Scroll            |     9 |     5 |     5 |     2 ||    21
         Potion            |       |     1 |     4 |     1 ||     6
 Armour: Leather armour    |     5 |       |       |       ||     5
         Ring mail         |    11 |     8 |    72 |    26 ||   117
  Dodge: Dodged            |    31 |    13 |   130 |    55 ||   229

Table legend:
 A = Non-vault XP
 B = Vault XP
 C = Vault XP percentage of total XP
 D = Non-vault monster count
 E = Vault monster count
 F = Vault count percentage of total count
                 A         B        C        D         E       F
            +---------+---------+-------+---------+---------+-------
      Total |    6819 |    3030 |  30.8 |     132 |      47 |  26.3
            +---------+---------+-------+---------+---------+-------
        D:1 |      13 |       0 |   0.0 |       8 |       0 |   0.0
        D:2 |      37 |       0 |   0.0 |      17 |       0 |   0.0
        D:3 |      33 |       0 |   0.0 |      18 |       0 |   0.0
        D:4 |      47 |     148 |  75.9 |       6 |       3 |  33.3
        D:5 |     736 |       0 |   0.0 |      18 |       0 |   0.0
        D:6 |    1126 |       8 |   0.7 |      19 |       4 |  17.4
        D:7 |     968 |     786 |  44.8 |      17 |       4 |  19.0
        D:8 |    1305 |    1196 |  47.8 |      21 |       9 |  30.0
     Lair:1 |    2554 |     658 |  20.5 |       8 |       6 |  42.9
      Sewer |       0 |     234 | 100.0 |       0 |      21 | 100.0
            +---------+---------+-------+---------+---------+-------
